 Dungeon Crawl Stone Soup version 0.25-a0-1133-g93ebf739aa (webtiles) character file.

Game seed: 322829698755335195, levelgen mode: deterministic

207210 Flugslaktarn the Severer (level 17, -7/244 HPs)
             Began as a Deep Dwarf Fighter on May 21, 2020.
             Was a High Priest of Makhleb.
             Mangled by a tengu reaver
             ... wielding a +0 great mace of protection
              (17 damage)
             ... on level 5 of the Vaults.
             The game lasted 00:16:43 (15758 turns).

Flugslaktarn the Severer (Deep Dwarf Fighter)      Turns: 15758, Time: 00:16:44

Health: -7/244     AC: 25    Str: 25    XL:     17   Next: 60%
Magic:  4/4        EV: 13    Int: 14    God:    Makhleb [*****.]
Gold:   953        SH: 26    Dex: 12    Spells: 16/16 levels left

rFire    + . .     SeeInvis +   U - +3 broad axe (drain)
rCold    + . .     Gourm    .   Y - +0 tower shield
rNeg     + . .     Faith    .   Z - +1 plate armour {MR+}
rPois    .         Spirit   .   R - +2 helmet {Int+3}
rElec    .         Reflect  +   B - scarf {rC+ rF+}
rCorr    .         Harm     .   b - +2 pair of gloves
MR       +++..                  (no boots)
Stlth    ..........             W - amulet of reflection
HPRegen  0.00/turn              H - ring "Diodghos" {+Blink EV+4 Stlth+}
MPRegen  0.09/turn              i - ring of see invisible

@: berserking (expiring), non-regenerating, very quick
A: damage resistance, heal wounds, negative energy resistance 1, sense
surroundings 2, no regeneration
}: 2/15 runes: serpentine, barnacled
a: Heal Wounds, Minor Destruction, Lesser Servant of Makhleb, Major Destruction,
Greater Servant of Makhleb, Renounce Religion, Evoke Blink


You were on level 5 of the Vaults.
You worshipped Makhleb.
Makhleb was extremely pleased with you.
You were not hungry.

You visited 6 branches of the dungeon, and saw 33 of its levels.
You visited 2 bazaars.
You also visited: Ossuary and Gauntlet.

You collected 2000 gold pieces.
You spent 1047 gold pieces at shops.

Inventory:

Hand Weapons
 U - a +3 broad axe of draining (weapon)
   (You took it off a vault guard on level 14 of the Dungeon)
Missiles
 F - 2 throwing nets (quivered)
Armour
 b - a +2 pair of gloves (worn)
   (You found it on level 6 of the Dungeon)
 B - a scarf of resistance (worn)
   (You found it on level 8 of the Dungeon)
 I - a +2 cloak
   (You took it off Crazy Yiuf on level 6 of the Dungeon)
 R - a +2 helmet of intelligence (worn)
   (You found it in a Gauntlet)
 Y - a +0 tower shield (worn)
   (You took it off Louise on level 15 of the Dungeon)
 Z - a +1 plate armour of magic resistance (worn)
   (You took it off Louise on level 15 of the Dungeon)
Jewellery
 c - an uncursed ring of protection from cold
   (You found it on level 1 of the Snake Pit)
 f - an uncursed ring of protection from fire
   (You found it on level 6 of the Dungeon)
 i - a ring of see invisible (right hand)
   (You took it off an orc on level 4 of the Dungeon)
 H - the ring "Diodghos" (left hand) {+Blink EV+4 Stlth+}
   (You found it on level 2 of the Lair of Beasts)

   [ring of evasion]

   It affects your evasion (+4).
   It lets you blink.
   It makes you more stealthy.
 Q - a +6 ring of dexterity
   (You found it on level 2 of the Lair of Beasts)
 W - an amulet of reflection (around neck)
   (You found it on level 15 of the Dungeon)
Wands
 j - a wand of acid (9)
   (You found it on level 9 of the Dungeon)
 m - a wand of enslavement (9)
   (You found it on level 6 of the Dungeon)
 o - a wand of iceblast (28)
   (You found it on level 5 of the Dungeon)
 v - a wand of digging (9)
   (You found it on level 2 of the Lair of Beasts)
 O - a wand of paralysis (15)
   (You found it on level 10 of the Dungeon)
Scrolls
 p - 2 scrolls of summoning
 t - 3 scrolls of teleportation
 u - 2 scrolls of fog
 x - 6 scrolls of remove curse
 y - a scroll of brand weapon
 z - 2 scrolls of blinking
 A - 2 scrolls of vulnerability
 E - 2 scrolls of fear
 G - 3 scrolls of magic mapping
 K - 2 scrolls of enchant armour
 M - 4 scrolls of immolation
 X - a scroll of holy word
Potions
 d - 2 potions of might
 g - a potion of berserk rage
 h - 2 potions of haste
 k - 3 potions of flight
 l - a potion of invisibility
 n - 2 potions of resistance
 q - 8 potions of curing
 s - a potion of ambrosia
 w - 4 potions of heal wounds
 J - 2 potions of magic
 N - 7 potions of mutation
 P - 2 potions of cancellation {unknown}
 T - a potion of lignification {unknown}
Miscellaneous
 D - a tin of tremorstones (3/3)
   (You found it on level 3 of the Lair of Beasts)
Comestibles
 a - 7 chunks of flesh
 e - 23 rations


   Skills:
 + Level 13.0 Fighting
 - Level 18.0 Axes
 + Level 15.0 Armour
 - Level 7.0 Dodging
 - Level 15.0 Shields
 - Level 15.0 Invocations
 - Level 6.0 Evocations


You had 16 spell levels left.
You didn't know any spells.
Your spell library was empty.

Dungeon Overview and Level Annotations

Branches:
Dungeon (15/15)            Temple (1/1) D:5            Lair (4/6) D:8
 Shoals (4/4) Lair:4        Snake (4/4) Lair:2          Orc (0/2) D:9
 Vaults (5/5) D:14          Crypt (0/3) Vaults:3     Depths (0/5) D:15
Ossuary (visited)         Gauntlet (visited)

Altars:
Ashenzari
Cheibriados
Dithmenos
Elyvilon
Fedhas
Hepliaklqana
Kikubaaqudgha
Makhleb
Nemelex Xobeh
Okawaru
Qazlal
Trog
Uskayaw
Vehumet
Wu Jian
Xom
Yredelemnul
The Shining One

Shops:
D:4 }   D:5 (%   D:6 }   Snake:3 *   Vaults:1 (

Annotations:
Shoals:2 Ilsuiw


Innate Abilities, Weirdness & Mutations

You are resistant to damage.
You can heal yourself by infusing magical energy.
You resist negative energy. (rN+)
You passively map the area around you.
You do not regenerate.


Message History

* * * LOW HITPOINT WARNING * * *
The lich is engulfed in freezing vapours.
You miss the tengu reaver.
The tengu reaver is almost dead.
You slash the Ice Fiend!
The shadow demon is engulfed in freezing vapours.
The shadow demon gestures.
You miss the tengu reaver.
The tengu reaver is almost dead.
You slash the Ice Fiend! The Ice Fiend gestures at you.
The bolt of cold misses you.
The lich is engulfed in freezing vapours.
Your plate armour prevents you from hitting the tengu reaver.
The tengu reaver is almost dead.
You hit the Ice Fiend.
The ironbrand convoker seems less drained.
The jumping spider leaps!
The tengu reaver hits you with a +0 great mace of protection!!
You die...

,, , * ###*
** ** , *
** ..., * ,
* , ..##, *
* , , ,
*##... * ,,
,, ###.L1#
,* * ,* ,
,##°p.Qs# ,
* , #.aL##
** , ** * *
,, #s○21##,
, *
#.##°@## ,
* ** ,,
,#.,##Q.###
, , ,, , #
##.(.## ,
*, , ,* ,
###.(## ,**
, , , ,, ,
** ,
##..### * #
*,,, *
##...## . ,
, ###..##,
. , *, , *
* ,**,,
##..##,, #
, * ,, ,, *
,##..##, #


You could see an Ice Fiend (summoned), a tengu reaver (strong), a lich (strong,
invisible), an entropy weaver (summoned), a shadow demon (summoned, strong), an
ironbrand convoker and a tarantella (summoned).

Vanquished Creatures
  An ancient lich (Vaults:5)
  Bai Suzhen (Snake:3)
  A golden dragon (Vaults:5)
  A titan (Vaults:5)
  Agnes (D:15)
  Frances (Snake:1)
  A sphinx (Vaults:2)
  A tengu reaver (Vaults:5)
  5 nagarajas (Snake:4)
  2 frost giants
  An iron dragon (Vaults:5)
  A deep elf sorcerer (Vaults:2)
  4 vault wardens
  Louise (D:15)
  A large abomination (Vaults:2)
  4 ironheart preservers
  2 stone giants (Vaults:5)
  A minotaur (Gauntlet)
  A merfolk javelineer (Shoals:4)
  2 ettins
  2 deep elf death magi (Vaults:2)
  7 merfolk impalers
  2 yaktaur captains
  A deep elf high priest (Vaults:5)
  9 naga warriors
  A hydra (Lair:4)
  11 vault guards
  4 centaur warriors
  2 anacondas
  3 tengu warriors
  4 merfolk aquamancers
  A merfolk avatar (Shoals:4)
  2 satyrs
  3 ogre magi
  7 two-headed ogres
  12 naga sharpshooters
  2 deep elf knights (Vaults:3)
  3 shock serpents
  A salamander mystic (Snake:4)
  4 deep trolls (Vaults:1)
  2 sea snakes
  A glowing orange brain (Vaults:2)
  An unseen horror (D:14)
  7 naga ritualists
  A deep elf archer (Vaults:2)
  3 wizards
  2 ironbrand convokers (Vaults:5)
  4 lindwurms (Lair:3)
  2 deep elf magi
  6 mana vipers
  A wolf spider (Vaults:2)
  8 ugly things
  4 salamanders
  4 slime creatures (Vaults:3)
  3 manticores
  2 fauns (Shoals:3)
  3 merfolk sirens
  18 black mambas
  2 water nymphs (Shoals:4)
  8 cyclopes
  A vault sentinel (Vaults:1)
  14 naga magi
  Psyche (D:8)
  A gargoyle (D:11)
  6 spiny frogs
  5 komodo dragons
  2 freezing wraiths
  8 yaktaurs
  3 kobold demonologists
  3 trolls
  A wind drake (Shoals:3)
  2 tengu conjurers (Gauntlet)
  12 merfolk
  6 blink frogs
  Prince Ribbit (D:6)
  7 hippogriffs
  A snapping turtle (Shoals:4)
  4 dream sheep
  A hippogriff (shapeshifter) (Vaults:5)
  4 wraiths
  33 yaks
  A shadow (D:8)
  3 wyverns
  2 water elementals
  7 hungry ghosts
  A harpy simulacrum (Gauntlet)
  26 nagas
  5 water moccasins
  4 porcupines
  8 orc warriors
  A black bear (D:10)
  An ice beast (D:9)
  3 necrophages (D:12)
  3 sky beasts
  4 phantoms
  An eye of draining (D:9)
  14 ogres
  A swamp drake (shapeshifter) (Vaults:5)
  3 wolves (Lair:4)
  16 centaurs
  9 crocodiles
  A wyvern zombie (D:14)
  4 big kobolds
  6 bullfrogs
  2 water moccasin zombies (Ossuary)
  A wyvern skeleton (D:13)
  A scorpion (D:14)
  6 howler monkeys
  16 wights
  An electric eel (Lair:2)
  4 crimson imps
  8 orc priests
  4 hounds
  3 centaur zombies
  2 jellies
  11 orc wizards
  Crazy Yiuf (D:6)
  An iron imp (D:9)
  3 centaur skeletons
  2 iguanas
  7 worker ants
  3 big kobold zombies (Ossuary)
  A hound zombie (D:9)
  2 hound skeletons
  2 mummies (Ossuary)
  A worker ant zombie (D:6)
  A howler monkey skeleton (D:4)
  A howler monkey zombie (D:5)
  8 adders
  A shadow imp (Gauntlet)
  A white imp (Gauntlet)
  6 adder zombies
  3 worms (D:9)
  2 dart slugs
  4 leopard geckos
  51 orcs
  A giant cockroach (D:2)
  4 goblins (D:2)
  A hobgoblin (D:2)
  10 jackals
  A ball python (D:4)
  3 frilled lizards
  4 gnoll zombies (Ossuary)
  A goblin skeleton (D:9)
  12 hobgoblin zombies
  8 kobolds
  A kobold skeleton (D:9)
  5 kobold zombies
  A leopard gecko skeleton (D:4)
  An orc skeleton (D:9)
  6 orc zombies
  4 rats
659 creatures vanquished.

Vanquished Creatures (collateral kills)
  2 tentacled monstrosities (Vaults:5)
  A titan (Vaults:5)
  A storm dragon (Vaults:5)
  A fire giant (Vaults:5)
  A war gargoyle (Vaults:5)
  A great orb of eyes (Vaults:5)
  A hydra (D:13)
  An ogre mage (Vaults:5)
  2 naga warriors (Snake:4)
  A dancing weapon (Vaults:5)
  2 naga sharpshooters
  A shock serpent (Snake:4)
  2 naga ritualists (Snake:4)
  An ironbrand convoker (Vaults:5)
  An orc knight (Vaults:5)
  A mana viper (Snake:4)
  An ugly thing (D:14)
  An orc sorcerer (Vaults:5)
  3 naga magi (Snake:4)
  A torpor snail (Lair:4)
  A blink frog (Lair:4)
  A yak (Lair:4)
  5 nagas (Snake:4)
  A porcupine (Lair:4)
  An ogre (Vaults:5)
  2 wolves (Lair:4)
  2 crocodiles (Lair:4)
  A bullfrog (Lair:4)
  4 orcs
44 creatures vanquished.

Vanquished Creatures (others)
  A naga warrior (Snake:4)
  A naga mage (Snake:4)
  A centaur (D:15)
  A fungus (Lair:2)
  6 plants
10 creatures vanquished.

Grand Total: 713 creatures vanquished

Notes
Turn   | Place    | Note
-------+----------+-------------------------------------------
     0 | D:1      | Flugslaktarn the Deep Dwarf Fighter began the quest for the
                  | Orb.
     0 | D:1      | Reached XP level 1. HP: 20/20 MP: 1/1
   121 | D:2      | Reached XP level 2. HP: 27/27 MP: 2/2
   148 | D:2      | Reached skill level 3 in Axes
   148 | D:2      | Reached XP level 3. HP: 33/33 MP: 3/3
   262 | D:4      | Reached XP level 4. HP: 38/42 MP: 0/4
   472 | D:4      | Found a hide-covered altar of Uskayaw.
   475 | D:4      | Found a stormy altar of Qazlal.
   522 | D:4      | Reached skill level 4 in Axes
   522 | D:4      | Reached XP level 5. HP: 17/49 MP: 0/5
   757 | D:4      | Reached XP level 6. HP: 30/56 MP: 6/6
   875 | D:4      | Found Eturautuch's Gadget Shop.
   942 | D:4      | Reached skill level 5 in Axes
  1110 | D:5      | Entered Level 5 of the Dungeon
  1210 | D:5      | Found a snail-covered altar of Cheibriados.
  1228 | D:5      | Found a staircase to the Ecumenical Temple.
  1236 | Temple   | Entered the Ecumenical Temple
  1309 | Temple   | Became a worshipper of Makhleb the Destroyer
  1463 | D:5      | Reached skill level 1 in Invocations
  1463 | D:5      | Reached XP level 7. HP: 41/64 MP: 6/6
  1505 | D:5      | Found a shattered altar of Ashenzari.
  1523 | D:5      | Found Ynuex's Antique Weapon Emporium.
  1594 | D:5      | Found a sand-covered staircase.
  1651 | Ossuary  | Entered an ossuary
  1655 | Ossuary  | Reached skill level 5 in Shields
  1753 | Ossuary  | Reached * piety under Makhleb
  1758 | Ossuary  | Reached skill level 5 in Armour
  1768 | Ossuary  | Reached skill level 6 in Axes
  2065 | D:5      | Found Soerhett's Food Boutique.
  2204 | D:6      | Found Attieqe's Gadget Shop.
  2393 | D:6      | Reached XP level 8. HP: 72/73 MP: 9/9
  2604 | D:6      | Reached skill level 7 in Axes
  2666 | D:6      | Found a radiant altar of Vehumet.
  2667 | D:6      | Found a shimmering altar of Xom.
  2757 | D:6      | Found a runed translucent door.
  2757 | D:6      | Noticed Prince Ribbit
  2764 | D:6      | Noticed Crazy Yiuf
  2787 | D:6      | Killed Prince Ribbit
  2874 | D:6      | Killed Crazy Yiuf
  2874 | D:6      | Reached skill level 5 in Fighting
  3218 | D:7      | Found a sparkling altar of Nemelex Xobeh.
  3435 | D:7      | Reached skill level 8 in Axes
  3435 | D:7      | Gained mutation: You passively map the area around you.
                  | [Deep Dwarf growth]
  3435 | D:7      | Reached XP level 9. HP: 54/81 MP: 9/9
  3747 | D:8      | Reached skill level 5 in Invocations
  3776 | D:8      | Noticed Psyche
  3800 | D:8      | Killed Psyche
  3800 | D:8      | Reached ** piety under Makhleb
  3838 | D:8      | Found a staircase to the Lair.
  4043 | D:8      | Found an ornate altar of the Wu Jian Council.
  4317 | Lair:1   | Entered Level 1 of the Lair of Beasts
  4421 | Lair:1   | Reached skill level 9 in Axes
  4492 | Lair:1   | Noticed a komodo dragon
  4514 | Lair:1   | Killed a komodo dragon
  4514 | Lair:1   | Reached XP level 10. HP: 40/91 MP: 8/8
  4602 | D:9      | Found an ancient bone altar of Kikubaaqudgha.
  4738 | D:9      | Reached skill level 10 in Axes
  4749 | D:9      | Found a glowing golden altar of the Shining One.
  4758 | D:9      | Reached *** piety under Makhleb
  4913 | D:9      | Noticed a moth of wrath
  4916 | D:9      | Found a bloodstained altar of Trog.
  5116 | D:9      | Found a staircase to the Orcish Mines.
  5272 | D:9      | Paralysed by fainting for 11 turns
  5510 | Lair:1   | Noticed a spiny frog
  5521 | Lair:1   | HP: 4/92 [spiny frog (13)]
  5545 | Lair:1   | Killed a spiny frog
  5574 | Lair:2   | Noticed a spiny frog
  5575 | Lair:2   | Noticed a spiny frog
  5582 | Lair:2   | Killed a spiny frog
  5582 | Lair:2   | Reached skill level 11 in Axes
  5592 | Lair:2   | Killed a spiny frog
  5642 | Lair:2   | Reached **** piety under Makhleb
  5648 | Lair:2   | Reached XP level 11. HP: 56/100 MP: 10/10
  5695 | Lair:2   | Got a wavering jade ring
  5763 | Lair:2   | Identified the ring "Diodghos" {+Blink EV+4 Stlth+} (You
                  | found it on level 2 of the Lair of Beasts)
  5817 | Lair:2   | Found a staircase to the Snake Pit.
  6043 | Lair:2   | Found a sparkling altar of Nemelex Xobeh.
  6500 | Lair:3   | Reached skill level 12 in Axes
  7019 | Lair:3   | Noticed a lindwurm
  7019 | Lair:3   | Noticed a lindwurm
  7024 | Lair:3   | Noticed a lindwurm
  7024 | Lair:3   | Noticed a lindwurm
  7039 | Lair:3   | Killed a lindwurm
  7042 | Lair:3   | Killed a lindwurm
  7043 | Lair:3   | Killed a lindwurm
  7057 | Lair:3   | Killed a lindwurm
  7129 | Lair:4   | Reached skill level 1 in Evocations
  7131 | Lair:4   | Found a staircase to the Shoals.
  7162 | Lair:4   | Reached XP level 12. HP: 89/110 MP: 11/11
  7205 | Lair:4   | Noticed a six-headed hydra
  7216 | Lair:4   | Killed a ten-headed hydra
  7335 | Lair:4   | Reached skill level 5 in Evocations
  7435 | Lair:4   | Reached skill level 1 in Dodging
  7549 | Lair:4   | Reached ***** piety under Makhleb
  8079 | D:10     | Entered Level 10 of the Dungeon
  8344 | D:10     | Reached skill level 10 in Invocations
  8577 | D:11     | Found a flickering gateway to a bazaar.
  8584 | Bazaar   | Entered a bazaar
  8584 | Bazaar   | Found Boracuqy's General Store.
  8584 | Bazaar   | Found Yce Daro's Magic Scroll Emporium.
  8588 | Bazaar   | Found Pafoop's Distillery.
  8602 | Bazaar   | Found Dodghut's Armour Emporium.
  8606 | Bazaar   | Bought a scroll of enchant weapon for 90 gold pieces
  8606 | Bazaar   | Bought a scroll of enchant armour for 90 gold pieces
  8620 | Bazaar   | Bought a potion of mutation for 136 gold pieces
  8624 | Bazaar   | Bought 3 potions of mutation for 312 gold pieces
  8624 | Bazaar   | Bought a potion of heal wounds for 65 gold pieces
  8624 | Bazaar   | Bought a potion of heal wounds for 65 gold pieces
  8624 | Bazaar   | Bought a potion of heal wounds for 65 gold pieces
  8773 | D:12     | Reached skill level 13 in Axes
  8850 | D:12     | Found a gate leading to a gauntlet.
  8863 | Gauntlet | Entered a Gauntlet
  8863 | Gauntlet | Found a transporter.
  8863 | Gauntlet | Found a transporter.
  8863 | Gauntlet | Found a transporter.
  8864 | Gauntlet | Found a transporter.
  8868 | Gauntlet | Found a transporter.
  8868 | Gauntlet | Found a transporter.
  8874 | Gauntlet | Noticed a tengu warrior
  8875 | Gauntlet | Found a transporter.
  8876 | Gauntlet | Found a transporter.
  8877 | Gauntlet | Found a transporter.
  8879 | Gauntlet | Found a transporter.
  8887 | Gauntlet | Found a transporter.
  8888 | Gauntlet | Found a transporter.
  9065 | Gauntlet | Reached skill level 10 in Shields
  9097 | Gauntlet | Reached skill level 10 in Armour
  9103 | Gauntlet | Killed a tengu warrior
  9168 | Gauntlet | Noticed a minotaur
  9180 | Gauntlet | Killed a minotaur
  9786 | D:13     | Noticed a centaur warrior
  9799 | D:13     | Killed a centaur warrior
  9946 | D:13     | Noticed a five-headed hydra
  9967 | D:13     | Reached XP level 13. HP: 81/118 MP: 12/12
 10599 | D:14     | Found a shadowy altar of Dithmenos.
 10721 | D:14     | Found a gate to the Vaults.
 10745 | D:14     | Reached skill level 14 in Axes
 10780 | D:14     | Reached skill level 5 in Dodging
 11130 | D:15     | Entered Level 15 of the Dungeon
 11204 | D:15     | Noticed Agnes
 11240 | D:15     | Killed Agnes
 11577 | D:15     | Gained mutation: You resist negative energy. (rN+) [Deep
                  | Dwarf growth]
 11577 | D:15     | Reached XP level 14. HP: 101/129 MP: 13/13
 11641 | D:15     | Found a staircase to the Depths.
 11641 | D:15     | Noticed Louise
 11666 | D:15     | Killed Louise
 12007 | Snake:1  | Entered Level 1 of the Snake Pit
 12133 | Shoals:1 | Entered Level 1 of the Shoals
 12186 | Shoals:2 | Reached skill level 15 in Axes
 12191 | Shoals:2 | Found a flickering gateway to a bazaar.
 12198 | Shoals:2 | Noticed Ilsuiw
 12234 | Bazaar   | Entered a bazaar
 12237 | Bazaar   | Found Olukal's Magic Scroll Boutique.
 12237 | Bazaar   | Found Tacor's Armour Boutique.
 12239 | Bazaar   | Found Cuox's Gadget Emporium.
 12242 | Bazaar   | Found Mica's Distillery.
 12253 | Bazaar   | Found Qaisch's Distillery.
 12259 | Bazaar   | Found Guppan's Armour Shoppe.
 12281 | Bazaar   | Bought a scroll of enchant weapon for 120 gold pieces
 12285 | Bazaar   | Bought a potion of mutation for 104 gold pieces
 12352 | Shoals:2 | You fall into a shaft and drop 1 floor!
 12433 | Shoals:4 | Entered Level 4 of the Shoals
 12438 | Shoals:4 | Reached ****** piety under Makhleb
 12576 | Shoals:4 | Reached skill level 10 in Fighting
 12627 | Shoals:4 | Noticed a frost giant
 12643 | Shoals:4 | Killed a frost giant
 12721 | Shoals:4 | Got a barnacled rune of Zot
 12853 | Snake:1  | Noticed Frances
 12865 | Snake:1  | Killed Frances
 12865 | Snake:1  | Reached XP level 15. HP: 111/139 MP: 11/11
 12911 | Snake:1  | Reached skill level 16 in Axes
 13372 | Snake:3  | Found Sivun's General Store.
 13372 | Snake:3  | Noticed Bai Suzhen
 13405 | Snake:3  | Killed Bai Suzhen
 13470 | Snake:4  | Entered Level 4 of the Snake Pit
 13831 | Snake:4  | Noticed a nagaraja
 13831 | Snake:4  | Noticed a nagaraja
 13831 | Snake:4  | Noticed a nagaraja
 13856 | Snake:4  | Killed a nagaraja
 13856 | Snake:4  | Reached skill level 17 in Axes
 13862 | Snake:4  | Killed a nagaraja
 13869 | Snake:4  | Noticed a nagaraja
 13887 | Snake:4  | Reached XP level 16. HP: 45/150 MP: 10/10
 13951 | Snake:4  | Noticed an Executioner
 14115 | Snake:4  | Got a serpentine rune of Zot
 14506 | Vaults:1 | Entered Level 1 of the Vaults
 14506 | Vaults:1 | Found Bowi's Antique Weapon Emporium.
 15122 | Vaults:2 | Noticed a sphinx
 15131 | Vaults:2 | Killed a sphinx
 15294 | Vaults:3 | Reached skill level 18 in Axes
 15374 | Vaults:4 | Reached skill level 15 in Invocations
 15380 | Vaults:5 | Entered Level 5 of the Vaults
 15380 | Vaults:5 | Noticed a titan
 15384 | Vaults:5 | Noticed a titan
 15396 | Vaults:5 | Killed a titan
 15400 | Vaults:5 | Noticed a storm dragon
 15403 | Vaults:5 | Noticed a tentacled monstrosity
 15408 | Vaults:5 | Killed a storm dragon
 15414 | Vaults:5 | Noticed a tengu reaver
 15427 | Vaults:5 | Killed a tentacled monstrosity
 15436 | Vaults:5 | Reached XP level 17. HP: 141/159 MP: 9/9
 15567 | Vaults:5 | Noticed an ancient lich
 15592 | Vaults:5 | Killed an ancient lich
 15600 | Vaults:5 | Killed a titan
 15714 | Vaults:5 | Noticed a golden dragon
 15717 | Vaults:5 | Noticed a tentacled monstrosity
 15726 | Vaults:5 | Noticed a lich
 15730 | Vaults:5 | Noticed an Ice Fiend
 15738 | Vaults:5 | Killed a tentacled monstrosity
 15747 | Vaults:5 | Killed a golden dragon
 15747 | Vaults:5 | Reached skill level 15 in Armour
 15747 | Vaults:5 | Reached skill level 15 in Shields
 15755 | Vaults:5 | HP: 10/244 [tengu reaver/+0 great mace of protection (10)]
 15758 | Vaults:5 | Mangled by a tengu reaver

Illustrated notes

Levels and vault maps discovered:
D:1:      noname_arrival_rooms_in_the_neighbourhood, layout_loops_ring
D:2:      layout_basic, nicolae_overflow_hidden_temple, uniq_sigmund
D:3:      layout_rooms, grunt_temple_overflow_gold_and_silver,
          overflow_temple_1_default, ebering_ghost_disaster_area, uniq_grinder
D:4:      layout_loops_cross, nicolae_qazlal_eye_of_the_storm,
          lemuel_crystal_altar, first_ration, serial_shops, shop
D:5:      layout_basic, overflow_temple_1_default,
          nicolae_overflow_crystal_walls, minmay_temple_entry_sparse_star,
          serial_shops, nicolae_shop_temple_entry_statues_fountains, shop,
          chequers_ossuary_entry_cave
D:6:      layout_loops_cross, basic_altar, serial_shops, shop,
          brannock_xom_greatest_gift, uniq_crazy_yiuf_cottage,
          uniq_prince_ribbit1
D:7:      layout_gridville, nemelex_spade_bored_becter
D:8:      layout_basic, old_standard_altar, lair_entry_dummy, sigmund_army,
          uniq_psyche
D:9:      layout_small_grid, nicolae_tso_besieged_by_evil, old_standard_altar,
          tgw_trog, hiddenorc1_lemuel, hangedman_fish_farm
D:10:     layout_loops_corners, serial_bayou_ford_a, minmay_librarian
D:11:     layout_basic, serial_shops, bzr_entry_gold
D:12:     layout_loops_ring, gauntlet_entry_generic
D:13:     layout_loops_ring
D:14:     layout_loops_corners, lightli_vaults_fourway_checkpoint,
          serial_park_tiny_2, basic_altar, drop_trap, kennysheep_big_empty_room
D:15:     grunt_enter_depths_snipers, layout_basic, uniq_agnes, uniq_louise
Temple:   dpeg_three_leaves_temple
Lair:1:   layout_regular_city, grunt_forest_large_clearing_hut
Lair:2:   layout_gridlike, minmay_snake_entry_guardpost_small, basic_altar,
          grunt_megastairs_4, lemuel_fruit_tree
Lair:3:   layout_roguey, minmay_lindwurm_lava, lemuel_fruit_fields
Lair:4:   layout_cave_pods, elwin_shoals_entry_rocks
Shoals:1: layout_shoals
Shoals:2: layout_shoals, serial_shops, bzr_in_the_mist, uniq_ilsuiw
Shoals:3: argonaut_golden_fleece, layout_shoals,
          nicolae_shoals_stone_sculpture_thing
Shoals:4: shoals_end_grunt_ice, layout_shoals
Snake:1:  layout_onion, serial_bayou_shore_a, uniq_frances
Snake:2:  layout_chambers, st_stairs_1, uniq_aizul, uniq_kirke
Snake:3:  layout_misc_corridors, serial_shops, shop, shop, shop,
          nicolae_shop_behind_doors, shop, uniq_vashnia, uniq_donald,
          uniq_bai_suzhen
Snake:4:  snake_pit, layout_cave_shapes
Vaults:1: grunt_vaults_focal, ontoclasm_vaults_loading_screen,
          vaults_dpeg_encased_lava, vaults_dpeg_diagonal,
          ontoclasm_vaults_gallery, vaults_room_door_hall,
          nicolae_vaults_rhombus_7, nicolae_vaults_yaktaur_gun_rack,
          nicolae_vaults_little_squares_4, layout_vaults_omnigrid, serial_shops,
          shop
Vaults:2: vaults_room_door_hall, v_rooms_3, v_pattern_2,
          ontoclasm_vaults_hangar, hangedman_vaults_stream,
          nicolae_vaults_little_squares_6, vaults_room_hallway,
          vaults_mumra_chevron, v_misc_8, v_misc_14, layout_vaults_big_cross
Vaults:3: ontoclasm_vaults_idyll, minmay_crypt_entry_simple_statues,
          nicolae_vaults_big_angled_halls, vaults_room_pools,
          nicolae_vaults_back_hallway, vaults_mumra_minichess_inversion, st_eye,
          v_misc_22, hangedman_vaults_impose, vaults_room_octagon,
          nicolae_vaults_specimen_jars, layout_vaults_omnibox, serial_shops,
          shop
Vaults:4: nicolae_vaults_puzzle_piece, v_pattern_1, vaults_room_stairs_pillars,
          nicolae_vaults_branching_niches, hangedman_vaults_corner,
          hangedman_vaults_stitches, hangedman_vaults_river_flow,
          v_alt_pattern_2, nicolae_vaults_little_ls, layout_vaults_ring,
          uniq_mara
Vaults:5

Skill      XL: |  1  2  3  4  5  6  7  8  9 10 11 12 13 14 15 16 17 |
---------------+----------------------------------------------------+-----
Axes           | 3 4 5 6 8 9 11 12 13 14 15 17 18 | 18.0
Fighting       | 3 4 5 6 7 8 9 10 11 12 13 | 13.0
Shields        | 4 5 6 7 8 9 10 11 12 14 15 | 15.0
Armour         | 4 5 6 7 8 9 10 11 12 14 15 | 15.0
Invocations    | 1 3 4 6 8 9 10 11 12 14 15 | 15.0
Evocations     | 2 6 |  6.0
Dodging        | 3 6 7 |  7.0

Action                   |  1- 3 |  4- 6 |  7- 9 | 10-12 | 13-15 | 16-18 || total
-------------------------+-------+-------+-------+-------+-------+-------++-------
Melee: War axe           |    60 |   157 |   474 |   884 |   404 |       ||  1979
       Broad axe         |       |       |       |       |   646 |   485 ||  1131
Invok: Lesser Servant of |       |       |       |     4 |     3 |       ||     7
       Greater Servant o |       |       |       |       |     7 |     6 ||    13
 Abil: Heal Wounds       |       |     5 |    15 |    16 |    25 |    25 ||    86
Evoke: Tin of tremorston |       |       |       |       |     2 |     1 ||     3
       Wand              |       |       |       |       |     1 |       ||     1
  Use: Scroll            |       |     3 |    10 |    20 |     9 |     4 ||    46
       Potion            |       |       |       |     2 |    10 |     5 ||    17
 Stab: Distracted        |       |       |       |       |     5 |       ||     5
  Eat: Chunk             |       |     2 |     4 |    25 |     9 |     3 ||    43
       Ration            |       |       |     3 |     5 |     2 |     1 ||    11
Armor: Scale mail        |    36 |    37 |       |       |       |       ||    73
       Chain mail        |       |    47 |   185 |    27 |       |       ||   259
       Plate armour      |       |       |       |   501 |   607 |   150 ||  1258
Dodge: Dodged            |    19 |    57 |   101 |   318 |   479 |   115 ||  1089
Block: Kite shield       |    31 |    98 |   232 |   622 |   246 |       ||  1229
       Tower shield      |       |       |       |       |   967 |   494 ||  1461
       Reflection        |       |       |       |       |    96 |    38 ||   134

Table legend:
 A = Non-vault XP
 B = Vault XP
 C = Vault XP percentage of total XP
 D = Non-vault monster count
 E = Vault monster count
 F = Vault count percentage of total count
                 A         B        C        D         E       F
            +---------+---------+-------+---------+---------+-------
      Total |  137325 |  123202 |  47.3 |     495 |     211 |  29.9
            +---------+---------+-------+---------+---------+-------
        D:1 |       3 |       0 |   0.0 |       2 |       0 |   0.0
        D:2 |      65 |       0 |   0.0 |      17 |       0 |   0.0
        D:4 |     456 |       0 |   0.0 |      32 |       0 |   0.0
        D:5 |     391 |       0 |   0.0 |      13 |       0 |   0.0
        D:6 |     776 |     299 |  27.8 |      15 |       2 |  11.8
        D:7 |     671 |       0 |   0.0 |       9 |       0 |   0.0
        D:8 |     647 |     410 |  38.8 |       8 |       3 |  27.3
        D:9 |    2536 |     595 |  19.0 |      27 |      34 |  55.7
       D:10 |    2000 |     693 |  25.7 |      14 |       1 |   6.7
       D:11 |    1069 |       0 |   0.0 |       8 |       0 |   0.0
       D:12 |    3046 |       0 |   0.0 |      22 |       0 |   0.0
       D:13 |    7018 |       0 |   0.0 |      33 |       0 |   0.0
       D:14 |    3192 |    6880 |  68.3 |      16 |      12 |  42.9
       D:15 |    8042 |    6213 |  43.6 |      39 |       5 |  11.4
     Lair:1 |    2731 |       0 |   0.0 |      12 |       0 |   0.0
     Lair:2 |    4840 |    1030 |  17.5 |      23 |       5 |  17.9
     Lair:3 |    2899 |    2680 |  48.0 |      13 |       4 |  23.5
     Lair:4 |    4505 |       0 |   0.0 |      26 |       0 |   0.0
   Shoals:1 |     757 |       0 |   0.0 |       1 |       0 |   0.0
   Shoals:2 |    2854 |       0 |   0.0 |       6 |       0 |   0.0
   Shoals:3 |    6236 |       0 |   0.0 |      13 |       0 |   0.0
   Shoals:4 |    5684 |   14453 |  71.8 |      13 |      18 |  58.1
    Snake:1 |    9536 |    2201 |  18.8 |      20 |       1 |   4.8
    Snake:2 |   11812 |       0 |   0.0 |      24 |       0 |   0.0
    Snake:3 |    3036 |    4327 |  58.8 |       8 |       1 |  11.1
    Snake:4 |   14314 |   25167 |  63.7 |      25 |      44 |  63.8
   Vaults:1 |    5372 |       0 |   0.0 |       7 |       0 |   0.0
   Vaults:2 |   10661 |    7684 |  41.9 |       8 |      12 |  60.0
   Vaults:3 |    7148 |       0 |   0.0 |      13 |       0 |   0.0
   Vaults:4 |    3064 |    1142 |  27.2 |       7 |       1 |  12.5
   Vaults:5 |   11964 |   45591 |  79.2 |      21 |      28 |  57.1
    Ossuary |       0 |     328 | 100.0 |       0 |      32 | 100.0
   Gauntlet |       0 |    3509 | 100.0 |       0 |       8 | 100.0
            +---------+---------+-------+---------+---------+-------
